Map: 2000 атмосфер РВ

Players

ИИ 1 (эксперт) - Winner!

  • Race: Protoss Protoss

Doll

  • Race: Terran Terran
  • League: Master

VOD

Have the link to the VOD?

Description

Time

  • Played on: Aug. 3, 2021, 11:17 a.m.
  • Length: 10:25
Show
View Real Time Build Order
Export as new Build Order

ИИ 1 (эксперт) Protoss - Winner!

Build Orders: Colossus Rush 

Get SALT Encoding   

  12  0:00  Probe  
  13  0:13  Probe  
  14  0:19  Pylon  
  14  0:25  Probe  
  15  0:33  Probe  
  15  0:41  Probe  
  16  0:47  Assimilator  
  17  0:50  Gateway  
  17  0:51  Probe  
  18  1:00  Probe, Pylon  
  19  1:08  Probe  
  19  1:18  Probe  
  21  1:36  Gateway  
  21  1:38  Probe  
  21  1:39  Zealot  
  24  1:42  Cybernetics Core  
  24  1:49  Pylon  
  24  1:50  Probe  
  25  2:00  Probe  
  25  2:06  Zealot  
  25  2:08  Probe  
  28  2:11  Assimilator  
  29  2:16  Probe  
  29  2:21  Warp Gate  
  30  2:23  Adept  
  30  2:29  Probe  
  33  2:33  Adept  
  33  2:36  Pylon  
  35  2:41  Probe  
  36  2:49  Adept  
  36  2:53  Probe  
  39  3:03  Sentry  
  39  3:05  Probe  
  42  3:16  Nexus  
  42  3:17  Stalker  
  42  3:24  Probe  
  45  3:37  Probe, Robotics Facility  
  46  3:49  Probe  
  46  3:52  Pylon  
  47  4:09  Adept  
  50  4:10  Probe  
  50  4:16  Adept  
  52  4:22  Probe  
  53  4:24  Probe  
  53  4:28  Adept  
  56  4:32  Probe  
  56  4:34  Probe  
  56  4:36  Robotics Bay  
  58  4:41  Observer  
  58  4:42  Probe  
  60  4:46  Probe  
  60  4:48  Robotics Facility  
  61  4:54  Probe  
  61  4:55  Pylon  
  61  4:57  Stalker  
  61  4:58  Probe  
  65  5:01  Stalker  
  65  5:06  Probe, Pylon  
  68  5:10  Probe  
  69  5:14  Probe  
  69  5:15  Colossus  
  76  5:33  Zealot, Pylon  
  78  5:42  Pylon  
  78  5:44  Probe, Stalker  
  78  5:45  Probe  
  78  5:47  Gateway  
  82  5:52  Twilight Council  
  82  5:54  Assimilator  
  82  5:56  Assimilator  
  82  6:14  Probe  
  82  6:17  Probe  
  84  6:21  Nexus  
  84  6:22  Probe  
  84  6:27  Probe  
  84  6:29  Dark Shrine  
  84  6:31  Probe  
  86  6:35  Stalker  
  86  6:38  Forge  
  86  6:39  Pylon  
  89  6:40  Stalker  
  89  6:41  Zealot  
  92  6:58  Zealot  
  94  7:01  Zealot, Forge  
  94  7:03  Zealot  
  94  7:05  Pylon  
  98  7:13  Protoss Ground Weapons Level 1  
  98  7:16  Observer  
  98  7:18  Zealot  
  98  7:21  Zealot  
  102  7:23  Protoss Ground Armor Level 1, Zealot  
  102  7:26  Pylon  
  105  7:33  Probe  
  105  7:34  Probe x2  
  108  7:38  Zealot  
  108  7:39  Zealot  
  108  7:42  Immortal, Assimilator  
  108  7:43  Sentry  
  118  7:46  Probe  
  118  7:48  Probe  
  118  7:50  Probe, Pylon  
  121  7:52  Dark Templar  
  121  7:58  Probe, Dark Templar  
  124  8:00  Probe  
  124  8:02  Immortal, Colossus, Probe  
  132  8:06  Stalker  
  132  8:10  Probe  
  132  8:12  Probe  
  136  8:13  Pylon  
  136  8:14  Probe  
  136  8:15  Archon  
  137  8:20  Probe  
  137  8:24  Sentry, Probe  
  137  8:26  Probe, Charge  
  142  8:28  Probe  
  142  8:29  Dark Templar  
  142  8:30  Stalker  
  142  8:32  Pylon  
  147  8:41  Pylon  
  147  8:46  Gateway  
  147  8:47  Dark Templar  
  149  8:52  Photon Cannon  
  149  8:53  Assimilator  
  149  8:54  Pylon  
  149  8:55  Zealot  
  151  8:57  Probe  
  151  9:01  Zealot  
  95  9:15  Probe, Zealot  
  95  9:16  Probe  
  79  9:17  Observer  
  79  9:19  Zealot  
  79  9:21  Dark Templar  
  79  9:25  Probe  
  79  9:28  Probe  
  79  9:30  Probe  
  72  9:34  Archon  
  72  9:35  Zealot  
  72  9:37  Probe, Stalker  
  72  9:40  Zealot  
  74  9:49  Probe  
  74  9:51  Probe  
  74  9:52  Dark Templar, Pylon  
  76  9:53  Adept, Probe  
  76  9:55  Zealot  
  76  9:59  Observer  
  70  10:01  Probe  
  70  10:04  Probe  
  70  10:05  Probe  
  67  10:13  Probe, Stalker  
  67  10:15  Sentry  
  67  10:17  Adept  
Show
View Real Time Build Order
Export as new Build Order

Doll Terran 

Build Orders:  

Get SALT Encoding   

  12  0:00  SCV  
  13  0:13  Supply Depot  
  13  0:18  SCV  
  14  0:30  SCV  
  15  0:37  Barracks  
  15  0:43  SCV  
  16  0:58  SCV  
  17  1:13  Command Center  
  17  1:19  SCV  
  17  1:24  Marine  
  19  1:34  SCV  
  19  1:36  Barracks  
  20  1:44  Marine  
  21  1:47  Supply Depot  
  21  1:49  SCV  
  22  2:01  Orbital Command  
  22  2:03  Marine  
  23  2:09  Refinery  
  23  2:21  Marine  
  23  2:22  Barracks  
  24  2:24  Marine  
  24  2:27  SCV  
  26  2:30  SCV  
  27  2:40  Orbital Command  
  27  2:42  Marine  
  28  2:44  Marine  
  28  2:46  SCV  
  30  2:55  Refinery  
  30  2:59  SCV  
  30  3:01  Marine  
  30  3:02  Marine  
  33  3:06  SCV  
  33  3:09  Barracks Tech Lab  
  33  3:12  SCV  
  35  3:20  Marine  
  35  3:21  Marine  
  35  3:23  SCV  
  35  3:26  SCV  
  39  3:30  Marauder  
  39  3:31  Factory  
  41  3:36  SCV  
  41  3:38  Barracks Tech Lab  
  41  3:39  Marine  
  41  3:41  SCV  
  44  3:49  SCV  
  44  3:50  Bunker  
  44  3:51  Stimpack  
  45  3:56  SCV  
  45  3:58  Supply Depot  
  45  4:00  Supply Depot  
  45  4:02  Engineering Bay  
  46  4:04  Engineering Bay  
  46  4:07  Barracks Tech Lab  
  46  4:17  Factory Tech Lab  
  46  4:18  Starport  
  46  4:22  SCV x2  
  46  4:23  Marauder  
  50  4:26  Marauder  
  52  4:33  Marauder  
  52  4:36  SCV x2  
  56  4:45  Marine  
  57  4:47  Marine  
  57  4:49  SCV x2  
  60  4:54  Supply Depot  
  60  4:56  Supply Depot  
  60  4:57  Medivac  
  62  5:06  Combat Shield  
  62  5:11  Command Center  
  62  5:19  SCV x2, Barracks  
  66  5:21  Marine, Marauder  
  66  5:22  Barracks  
  66  5:23  Marauder  
  66  5:27  Starport Reactor  
  69  5:32  SCV  
  69  5:33  SCV  
  71  5:36  Supply Depot  
  71  5:38  Concussive Shells  
  71  5:39  Supply Depot  
  71  5:44  Refinery  
  71  5:45  Refinery  
  71  5:46  Marine x2  
  71  5:47  Marine  
  74  5:51  SCV x2  
  76  6:06  Medivac  
  76  6:07  Marine  
  76  6:08  Marine x3  
  76  6:09  Marine  
  83  6:12  SCV x2  
  83  6:13  Medivac  
  87  6:25  Armory  
  87  6:26  SCV x2  
  87  6:27  Supply Depot, Orbital Command  
  87  6:29  Barracks Tech Lab x2  
  87  6:30  Marauder  
  87  6:31  Marine, Marauder  
  94  6:38  SCV x2  
  96  6:40  Barracks, Medivac  
  98  6:48  Medivac  
  98  6:49  Marine  
  98  6:53  SCV x3  
  98  6:54  Marine, Marauder, Supply Depot  
  106  6:55  Marine x2  
  109  7:02  Ghost Academy  
  109  7:03  Refinery  
  109  7:04  Refinery  
  109  7:06  SCV x3  
  112  7:09  Terran Infantry Weapons Level 1  
  112  7:14  Terran Infantry Armor Level 1  
  112  7:15  Marine  
  112  7:16  Marine x3  
  112  7:17  Marine  
  112  7:20  Hellion, SCV  
  112  7:22  SCV  
  121  7:23  SCV  
  122  7:32  Barracks Tech Lab  
  122  7:34  Marauder  
  124  7:39  Supply Depot  
  124  7:40  SCV  
  124  7:41  Supply Depot  
  125  7:46  Factory  
  125  7:49  Starport  
  125  7:59  Supply Depot  
  125  8:01  Marauder x2  
  125  8:03  Marauder x3, Fusion Core  
  125  8:04  Marauder  
  137  8:06  Medivac, Factory  
  137  8:09  SCV x2  
  141  8:15  Supply Depot  
  141  8:19  Supply Depot  
  141  8:20  SCV  
  141  8:25  SCV x2  
Tags
 
Add a new tag
Caveats
  • Supply blocks, unpowered buildings, or Contaminate may cause inaccurate times.
  • Supply counts are checked every 10 seconds.